General information
- name: BNet
- type: Ladder team game (AT/RT)
- host: Battle.net
- saver: QueefStain
map: Deadlock
- players: 8
- length: 19:02
- speed: Fast
- version: 1.23 W3XP
- replay type: Public
» download(197 KB)
Players
team 1 (loser)
WoC.BetterThanU (
yellow | 78 APM | 1480 actions | 19:01)
3 Death Knight
2 Death Coil
1 Unholy Aura
2 Lich
1 Frost Nova
1 Frost Armor
1 Dreadlord
1 Sleep
» actions
| Assign group hotkey | 22 | |
| Basic commands | 2 | |
| Build / train | 70 | |
| Enter build submenu | 22 | |
| Enter hero's abilities submenu | 6 | |
| Remove unit from queue | 2 | |
| Right click | 699 | |
| Select / deselect | 193 | |
| Select group hotkey | 389 | |
| Use ability | 75 | |
1480 total
» units
| Acolyte | 19 | |
| Ghoul | 3 | |
| Crypt Fiend | 6 | |
| Obsidian Statue | 2 | |
| Frost Wyrm | 5 | |
35 total
» upgrades
| Creature Attack | 1 | |
| Creature Carapace | 2 | |
| Burrow | 0 | |
| Web | 1 | |
| Freezing Breath | 1 | |
5 total
» buildings
| Graveyard | 1 | |
| Crypt | 1 | |
| Altar of Darkness | 1 | |
| Ziggurat | 9 | |
| Tomb of Relics | 1 | |
| Nerubian Tower | 3 | |
| Halls of the Dead | 1 | |
| Necropolis | 1 | |
| Black Citadel | 1 | |
| Slaughterhouse | 1 | |
| Sacrificial Pit | 1 | |
| Spirit Tower | 2 | |
| Boneyard | 2 | |
25 total
» build order
00:19 Graveyard
00:26 Crypt
00:45 Altar of Darkness
00:59 Ziggurat
01:16 Tomb of Relics
02:07 Ziggurat
02:37 Nerubian Tower
05:24 Halls of the Dead
05:38 Ziggurat
06:08 Ziggurat
06:09 Ziggurat
07:49 Necropolis
07:50 Ziggurat
08:06 Black Citadel
08:37 Ziggurat
09:04 Slaughterhouse
09:07 Sacrificial Pit
10:28 Spirit Tower
10:30 Nerubian Tower
10:37 Boneyard
12:38 Ziggurat
13:18 Boneyard
14:23 Ziggurat
14:40 Nerubian Tower
18:47 Spirit Tower
» items
| Rod of Necromancy | 3 | |
| Dust of Appearance | 1 | |
| Sacrificial Skull | 1 | |
| Potion of Healing | 1 | |
| Scroll of Town Portal | 3 | |
| Potion of Mana | 1 | |
| Scroll of Healing | 1 | |
11 total
WoC.CurVed (
red | 89 APM | 1637 actions | 18:26)
4 Tauren Chieftain
2 Shockwave
1 War Stomp
1 Endurance Aura
2 Pandaren Brewmaster
1 Breath of Fire
1 Drunken Brawler
» actions
| Assign group hotkey | 93 | |
| Basic commands | 26 | |
| Build / train | 47 | |
| Enter build submenu | 23 | |
| Enter hero's abilities submenu | 6 | |
| Give item / drop item | 3 | |
| Remove unit from queue | 2 | |
| Right click | 765 | |
| Select / deselect | 254 | |
| Select group hotkey | 346 | |
| Use ability | 72 | |
1637 total
» units
» upgrades
| Melee Weapons | 1 | |
| Pillage | 1 | |
| Ensnare | 1 | |
3 total
» buildings
| Altar of Storms | 1 | |
| Orc Burrow | 4 | |
| Barracks | 2 | |
| Voodoo Lounge | 1 | |
| War Mill | 1 | |
| Stronghold | 1 | |
| Great Hall | 2 | |
| Watch Tower | 7 | |
| Beastiary | 3 | |
| Fortress | 1 | |
23 total
» build order
00:06 Altar of Storms
00:13 Orc Burrow
00:17 Barracks
00:20 Barracks
01:36 Orc Burrow
01:55 Voodoo Lounge
03:03 War Mill
04:11 Stronghold
04:45 Great Hall
05:02 Watch Tower
05:13 Orc Burrow
05:38 Watch Tower
06:35 Beastiary
06:38 Beastiary
06:40 Beastiary
08:00 Orc Burrow
09:42 Fortress
12:29 Great Hall
12:35 Watch Tower
13:00 Watch Tower
14:17 Watch Tower
14:20 Watch Tower
14:22 Watch Tower
» items
| Healing Salve | 2 | |
| Lesser Clarity Potion | 2 | |
| Scroll of Town Portal | 2 | |
| Orb of Corruption | 1 | |
| Scroll of Healing | 1 | |
| Scroll of Regeneration | 1 | |
| Ivory Tower | 1 | |
10 total
WoC.RankOne (
green | 119 APM | 2185 actions | 18:21)
3 Mountain King
2 Storm Bolt
1 Bash
3 Blood Mage
2 Banish
1 Siphon Mana
1 Paladin
1 Holy Light
» actions
| Assign group hotkey | 40 | |
| Basic commands | 11 | |
| Build / train | 76 | |
| ESC pressed | 1 | |
| Enter build submenu | 33 | |
| Enter hero's abilities submenu | 8 | |
| Right click | 948 | |
| Select / deselect | 395 | |
| Select group hotkey | 604 | |
| Use ability | 69 | |
2185 total
» units
| Peasant | 15 | |
| Footman | 7 | |
| Gryphon Rider | 6 | |
| Dragonhawk Rider | 2 | |
30 total
» upgrades
| Defend | 1 | |
| Lumber Harvesting | 2 | |
| Swords | 3 | |
| Storm Hammers | 1 | |
| Masonry | 1 | |
| Animal War Training | 1 | |
| Armor | 1 | |
| Cloud | 1 | |
11 total
» buildings
| Altar of Kings | 1 | |
| Barracks | 1 | |
| Farm | 10 | |
| Scout Tower | 11 | |
| Lumber Mill | 1 | |
| Arcane Tower | 2 | |
| Arcane Vault | 2 | |
| Town Hall | 1 | |
| Guard Tower | 10 | |
| Keep | 1 | |
| Blacksmith | 1 | |
| Castle | 1 | |
| Gryphon Aviary | 3 | |
45 total
» build order
00:09 Altar of Kings
00:19 Barracks
00:34 Farm
00:50 Farm
01:46 Farm
01:58 Scout Tower
02:28 Lumber Mill
02:29 Arcane Tower
02:30 Arcane Tower
03:15 Farm
04:44 Arcane Vault
05:01 Arcane Vault
05:12 Scout Tower
05:13 Scout Tower
05:24 Town Hall
05:29 Scout Tower
05:31 Scout Tower
05:33 Scout Tower
05:34 Scout Tower
05:43 Guard Tower
05:56 Guard Tower
05:58 Guard Tower
05:58 Guard Tower
06:07 Guard Tower
06:07 Guard Tower
06:25 Guard Tower
06:27 Scout Tower
07:10 Keep
07:15 Guard Tower
07:18 Scout Tower
07:42 Scout Tower
08:12 Guard Tower
08:13 Scout Tower
08:26 Guard Tower
09:08 Blacksmith
09:41 Castle
10:09 Gryphon Aviary
10:12 Gryphon Aviary
10:14 Gryphon Aviary
12:26 Farm
12:28 Farm
12:30 Farm
12:31 Farm
12:32 Farm
13:57 Farm
» items
| Scroll of Regeneration | 5 | |
| Lesser Clarity Potion | 1 | |
| Scroll of Town Portal | 4 | |
| Staff of Sanctuary | 1 | |
11 total
WoC.Straight (
pink | 29 APM | 528 actions | 18:26)
2 Death Knight
1 Death Coil
1 Unholy Aura
» actions
| Assign group hotkey | 7 | |
| Basic commands | 32 | |
| Build / train | 31 | |
| Enter build submenu | 6 | |
| Enter hero's abilities submenu | 2 | |
| Remove unit from queue | 2 | |
| Right click | 190 | |
| Select / deselect | 105 | |
| Select group hotkey | 119 | |
| Use ability | 34 | |
528 total
» units
| Acolyte | 3 | |
| Ghoul | 1 | |
| Crypt Fiend | 7 | |
11 total
» buildings
| Graveyard | 1 | |
| Crypt | 1 | |
| Ziggurat | 2 | |
| Altar of Darkness | 1 | |
| Tomb of Relics | 1 | |
| Halls of the Dead | 3 | |
| Black Citadel | 3 | |
| Spirit Tower | 1 | |
13 total
» build order
01:07 Graveyard
01:10 Crypt
01:31 Ziggurat
01:55 Altar of Darkness
02:10 Tomb of Relics
03:03 Ziggurat
04:45 Halls of the Dead
04:46 Halls of the Dead
08:02 Black Citadel
08:02 Black Citadel
08:21 Spirit Tower
» items
| Rod of Necromancy | 1 | |
| Sacrificial Skull | 1 | |
| Dust of Appearance | 1 | |
| Scroll of Town Portal | 1 | |
| Potion of Healing | 1 | |
| Lesser Clarity Potion | 1 | |
6 total
team 2 (winner)
QueefStain (
purple | 105 APM | 2009 actions | 19:02)
4 Death Knight
2 Death Coil
2 Unholy Aura
2 Lich
1 Frost Nova
1 Frost Armor
2 Crypt Lord
1 Impale
1 Spiked Carapace
» actions
| Assign group hotkey | 101 | |
| Basic commands | 5 | |
| Build / train | 74 | |
| ESC pressed | 3 | |
| Enter build submenu | 33 | |
| Enter hero's abilities submenu | 8 | |
| Give item / drop item | 3 | |
| Right click | 1056 | |
| Select / deselect | 293 | |
| Select group hotkey | 344 | |
| Use ability | 89 | |
2009 total
» units
| Acolyte | 14 | |
| Ghoul | 4 | |
| Crypt Fiend | 12 | |
| Frost Wyrm | 6 | |
36 total
» upgrades
| Creature Attack | 3 | |
| Creature Carapace | 2 | |
| Web | 1 | |
6 total
» buildings
| Graveyard | 1 | |
| Crypt | 1 | |
| Altar of Darkness | 1 | |
| Ziggurat | 14 | |
| Tomb of Relics | 1 | |
| Nerubian Tower | 1 | |
| Halls of the Dead | 1 | |
| Spirit Tower | 8 | |
| Black Citadel | 1 | |
| Necropolis | 1 | |
| Sacrificial Pit | 2 | |
| Boneyard | 2 | |
34 total
» build order
00:23 Graveyard
00:26 Crypt
00:43 Altar of Darkness
00:54 Ziggurat
01:45 Tomb of Relics
02:08 Nerubian Tower
02:17 Ziggurat
03:47 Ziggurat
05:29 Halls of the Dead
06:07 Ziggurat
06:07 Ziggurat
06:26 Ziggurat
06:33 Ziggurat
06:34 Ziggurat
06:36 Ziggurat
06:37 Ziggurat
06:59 Spirit Tower
07:00 Spirit Tower
07:36 Ziggurat
07:37 Ziggurat
07:49 Ziggurat
07:50 Ziggurat
08:35 Spirit Tower
08:49 Spirit Tower
09:10 Spirit Tower
09:11 Spirit Tower
09:55 Black Citadel
10:03 Necropolis
10:19 Spirit Tower
11:30 Sacrificial Pit
11:33 Sacrificial Pit
13:07 Boneyard
14:18 Boneyard
» items
| Rod of Necromancy | 1 | |
| Dust of Appearance | 1 | |
| Scroll of Town Portal | 3 | |
| Orb of Corruption | 1 | |
| Potion of Healing | 2 | |
| Scroll of Healing | 1 | |
9 total
ShartStain (
orange | 123 APM | 2344 actions | 19:02)
4 Mountain King
2 Storm Bolt
2 Bash
2 Paladin
1 Holy Light
1 Divine Shield
» actions
| Assign group hotkey | 111 | |
| Basic commands | 68 | |
| Build / train | 86 | |
| ESC pressed | 2 | |
| Enter build submenu | 38 | |
| Enter hero's abilities submenu | 6 | |
| Give item / drop item | 1 | |
| Remove unit from queue | 1 | |
| Right click | 1009 | |
| Select / deselect | 309 | |
| Select group hotkey | 567 | |
| Use ability | 146 | |
2344 total
» units
| Peasant | 18 | |
| Footman | 7 | |
| Gryphon Rider | 6 | |
| Dragonhawk Rider | 3 | |
34 total
» upgrades
| Masonry | 2 | |
| Swords | 3 | |
| Storm Hammers | 1 | |
| Armor | 2 | |
| Cloud | 1 | |
9 total
» buildings
| Altar of Kings | 1 | |
| Barracks | 1 | |
| Farm | 13 | |
| Scout Tower | 13 | |
| Arcane Tower | 7 | |
| Lumber Mill | 1 | |
| Arcane Vault | 1 | |
| Town Hall | 1 | |
| Guard Tower | 8 | |
| Keep | 4 | |
| Blacksmith | 1 | |
| Gryphon Aviary | 4 | |
| Castle | 1 | |
56 total
» build order
00:05 Altar of Kings
00:12 Barracks
00:18 Farm
00:48 Farm
01:28 Farm
02:02 Scout Tower
02:32 Farm
02:34 Arcane Tower
02:43 Lumber Mill
02:55 Arcane Vault
03:58 Town Hall
04:25 Scout Tower
04:26 Scout Tower
04:27 Scout Tower
04:29 Scout Tower
04:49 Scout Tower
04:55 Guard Tower
05:02 Arcane Tower
05:03 Arcane Tower
05:03 Arcane Tower
05:21 Guard Tower
05:37 Guard Tower
05:38 Guard Tower
05:57 Keep
05:57 Keep
05:57 Keep
06:23 Blacksmith
07:11 Scout Tower
07:12 Scout Tower
08:06 Scout Tower
08:07 Scout Tower
08:23 Gryphon Aviary
08:25 Gryphon Aviary
08:27 Castle
08:47 Guard Tower
08:47 Arcane Tower
08:56 Scout Tower
08:57 Scout Tower
09:26 Guard Tower
09:46 Scout Tower
10:13 Farm
10:17 Guard Tower
10:17 Guard Tower
11:04 Gryphon Aviary
11:05 Gryphon Aviary
12:21 Farm
12:24 Farm
12:47 Farm
12:49 Farm
12:51 Farm
15:17 Farm
15:20 Farm
18:19 Farm
» items
| Scroll of Regeneration | 4 | |
| Lesser Clarity Potion | 4 | |
| Scroll of Town Portal | 2 | |
| Potion of Healing | 2 | |
| Orb of Fire | 1 | |
| Staff of Sanctuary | 1 | |
14 total
SpermStain (
blue | 100 APM | 1902 actions | 19:02)
4 Death Knight
2 Death Coil
2 Unholy Aura
2 Lich
1 Frost Nova
1 Frost Armor
2 Crypt Lord
1 Impale
1 Spiked Carapace
» actions
| Assign group hotkey | 19 | |
| Basic commands | 11 | |
| Build / train | 75 | |
| Enter build submenu | 21 | |
| Enter hero's abilities submenu | 8 | |
| Give item / drop item | 1 | |
| Remove unit from queue | 8 | |
| Right click | 804 | |
| Select / deselect | 192 | |
| Select group hotkey | 699 | |
| Use ability | 64 | |
1902 total
» units
| Acolyte | 9 | |
| Ghoul | 5 | |
| Crypt Fiend | 5 | |
| Frost Wyrm | 3 | |
22 total
» upgrades
| Creature Attack | 3 | |
| Creature Carapace | 2 | |
| Freezing Breath | 1 | |
| Web | 1 | |
7 total
» buildings
| Crypt | 1 | |
| Graveyard | 1 | |
| Altar of Darkness | 1 | |
| Ziggurat | 8 | |
| Tomb of Relics | 2 | |
| Nerubian Tower | 2 | |
| Halls of the Dead | 2 | |
| Spirit Tower | 7 | |
| Necropolis | 2 | |
| Black Citadel | 2 | |
| Sacrificial Pit | 1 | |
| Boneyard | 2 | |
31 total
» build order
00:10 Crypt
00:19 Graveyard
00:43 Altar of Darkness
00:59 Ziggurat
01:30 Tomb of Relics
02:01 Ziggurat
02:43 Nerubian Tower
03:53 Ziggurat
05:08 Nerubian Tower
05:11 Ziggurat
05:51 Halls of the Dead
05:52 Halls of the Dead
06:07 Spirit Tower
06:07 Spirit Tower
06:30 Ziggurat
06:33 Necropolis
07:14 Ziggurat
07:16 Ziggurat
07:56 Spirit Tower
07:56 Spirit Tower
07:57 Ziggurat
08:49 Black Citadel
08:49 Black Citadel
09:19 Spirit Tower
10:04 Sacrificial Pit
10:06 Spirit Tower
10:07 Spirit Tower
11:16 Boneyard
11:23 Boneyard
14:11 Necropolis
17:28 Tomb of Relics
» items
| Rod of Necromancy | 2 | |
| Sacrificial Skull | 1 | |
| Orb of Corruption | 1 | |
| Scroll of Town Portal | 3 | |
| Potion of Healing | 1 | |
8 total
TaintStain (
teal | 133 APM | 2538 actions | 19:02)
3 Priestess of the Moon
1 Searing Arrows
2 Trueshot Aura
» actions
| Assign group hotkey | 350 | |
| Basic commands | 177 | |
| Build / train | 70 | |
| ESC pressed | 15 | |
| Enter build submenu | 26 | |
| Enter hero's abilities submenu | 3 | |
| Right click | 804 | |
| Select / deselect | 156 | |
| Select group hotkey | 873 | |
| Use ability | 64 | |
2538 total
» units
| Wisp | 35 | |
| Huntress | 10 | |
| Hippogryph | 4 | |
49 total
» upgrades
| Strength of the Wild | 1 | |
| Reinforced Hides | 1 | |
2 total
» buildings
| Altar of Elders | 2 | |
| Moon Well | 7 | |
| Ancient of War | 3 | |
| Hunter's Hall | 1 | |
| Tree of Life | 6 | |
| Tree of Ages | 5 | |
| Tree of Eternity | 2 | |
| Ancient of Wind | 1 | |
| Chimaera Roost | 3 | |
| Ancient of Wonders | 2 | |
32 total
» build order
00:02 Altar of Elders
00:05 Altar of Elders
00:18 Moon Well
01:47 Ancient of War
01:49 Hunter's Hall
02:12 Ancient of War
02:26 Moon Well
03:20 Moon Well
05:00 Moon Well
07:02 Ancient of War
07:04 Tree of Life
08:02 Tree of Life
09:27 Tree of Ages
09:27 Tree of Ages
11:48 Tree of Eternity
11:48 Tree of Eternity
12:22 Ancient of Wind
13:13 Moon Well
13:14 Moon Well
14:16 Chimaera Roost
15:05 Chimaera Roost
15:06 Chimaera Roost
15:08 Moon Well
15:13 Ancient of Wonders
16:11 Tree of Ages
16:11 Tree of Ages
16:53 Tree of Life
16:57 Ancient of Wonders
17:00 Tree of Life
18:01 Tree of Life
18:05 Tree of Life
» items
| Scroll of Town Portal | 2 | |
| Potion of Lesser Invulnerability | 1 | |
| Scroll of Healing | 1 | |
| Scroll of Protection | 1 | |
5 total
Chat log
(00:06 / Allies) ShartStain: lol
(00:07 / Allies) ShartStain: woc hacks
(00:10 / Allies) TaintStain: i was confused
(00:14 / Allies) TaintStain: i was like o shit i picked ud!
(00:27 / Allies) ShartStain: haha
(00:31 / Allies) ShartStain: how about zerk playing orc
(00:31 / Allies) ShartStain: rofl
(00:38 / Allies) TaintStain: lol
(00:38 / Allies) SpermStain: 100g me?
(00:40 / Allies) TaintStain: that was funny
(00:43 / Allies) ShartStain: that was bad lol
(00:45 / Allies) TaintStain: i golded jack
(00:52 / Allies) TaintStain: hes on edge
(00:54 / Allies) SpermStain: whos queef?
(00:57 / Allies) QueefStain: me
(00:59 / Allies) ShartStain: jack
(01:00 / Allies) SpermStain: lol
(01:01 / Allies) QueefStain: im always queef
(01:02 / All) WoC.BetterThanU: 1sec
(01:03 / All) QueefStain: since u guys are always so mannered
(01:04 / All) WoC.CurVed: nvm
(01:04 / All) WoC.Straight: ty
(01:05 / All) TaintStain: k
(01:05 / All) QueefStain: of course
(01:06 / All) WoC.BetterThanU: sorry
(01:09 / All) WoC.CurVed: just a noob dead
(01:14 / All) WoC.CurVed: ty
(01:20 / All) SpermStain: gl hf
(01:34 / Allies) SpermStain: these fags hack?
(01:37 / Allies) QueefStain: probly
(01:57 / Allies) SpermStain: dl u know what ur getting right?
(02:13 / Allies) QueefStain: whats he getting?
(02:15 / Allies) TaintStain: hunts then chims?
(02:19 / Allies) SpermStain: ye
(02:22 / Allies) SpermStain: chippo late
(02:30 / Allies) QueefStain: we gotta watch mid expos
(02:37 / Allies) QueefStain: woc likes to take em
(02:40 / Allies) SpermStain: ya keep them scouted
(05:48 / Allies) ShartStain: anyone got wood?
(05:58 / Allies) ShartStain: ty
(06:03 / Allies) ShartStain: ima clear you that
(06:25 / Allies) SpermStain: ?
(06:28 / Allies) TaintStain: hes got it
(06:57 / Allies) ShartStain: expo
(07:25 / Allies) ShartStain: acncel
(07:29 / Allies) SpermStain: b
(07:30 / Allies) SpermStain: d;
(07:46 / Allies) TaintStain: shop
(08:12 / Allies) ShartStain: yo doof
(08:14 / Allies) ShartStain: you want grpy still?
(08:19 / Allies) SpermStain: ya
(08:20 / Allies) SpermStain: for now
(08:20 / Allies) ShartStain: or dhawk
(08:27 / Allies) QueefStain: gay
(08:28 / Allies) QueefStain: they gonna
(08:30 / Allies) QueefStain: jihad expo
(08:34 / Allies) SpermStain: mione
(08:43 / Allies) ShartStain: wodo me dl
(08:44 / Allies) QueefStain: help plz
(08:47 / Allies) SpermStain: hes pwnt
(08:51 / Allies) ShartStain: nice
(08:56 / Allies) QueefStain: gj guys
(08:59 / Allies) QueefStain: nooooo
(09:06 / Allies) TaintStain: b up
(09:08 / Allies) ShartStain: gj
(09:08 / Allies) SpermStain: dl tech now
(09:09 / Allies) SpermStain: plz
(09:18 / Allies) TaintStain: i have no wood
(09:46 / Allies) QueefStain: opwned
(10:05 / Allies) ShartStain: level 1 lol
(10:11 / Allies) QueefStain: 2 cant fuck wit me
(10:23 / Allies) SpermStain: main next
(10:24 / Allies) SpermStain: dl
(10:41 / Allies) QueefStain: guys
(10:44 / Allies) QueefStain: red and yellow
(10:45 / Allies) QueefStain: coming for u
(10:48 / Allies) QueefStain: i behind em
(10:50 / Allies) SpermStain: down
(11:00 / Allies) ShartStain: got pinks hero
(11:12 / Allies) ShartStain: wood agin plz
(11:37 / Allies) ShartStain: who needs gold
(11:52 / Allies) SpermStain: wood for web
(11:54 / Allies) SpermStain: plz
(12:02 / Allies) ShartStain: coming
(12:13 / Allies) ShartStain: ahh bs
(12:19 / Allies) ShartStain: i bolted
(12:20 / Allies) ShartStain: as he tped
(12:20 / All) WoC.Straight: wish i wasnt afk lol
(12:22 / All) WoC.Straight: then afk again
(12:31 / All) QueefStain: lol
(12:33 / All) QueefStain: of course u were
(12:35 / All) TaintStain: :P
(12:39 / All) TaintStain: na he was
(12:40 / All) WoC.RankOne: did u not see him
(12:40 / All) TaintStain: For sure
(12:40 / Allies) ShartStain: lol
(12:41 / All) WoC.RankOne: lose fiends
(12:42 / All) WoC.Straight: lol
(12:45 / All) QueefStain: |we didnt unpause
(12:46 / All) QueefStain: so
(12:52 / All) WoC.Straight: they didnt c it eatlu
(12:53 / All) WoC.Straight: early
(13:02 / Allies) QueefStain: ya they paused like 10 secs into game
(13:11 / Allies) QueefStain: wood
(13:12 / All) ShartStain: dunno what to tell ya mate
(13:17 / All) ShartStain: ya snooze ya lose
(13:30 / Allies) SpermStain: go
(13:36 / Allies) QueefStain: save?
(13:41 / Allies) QueefStain: nm
(15:28 / Allies) ShartStain: i pwnt reds panda heh
(15:44 / Allies) SpermStain: ill tp
(15:49 / Allies) TaintStain: gotta tp now
(16:04 / Allies) ShartStain: tp there?
(16:08 / Allies) TaintStain: plz
(16:18 / Allies) ShartStain: no one goign
(16:23 / Allies) SpermStain: go
(16:35 / Allies) TaintStain: why wudn't u tp
(16:35 / Allies) SpermStain: save that next
(16:52 / Allies) SpermStain: tp jhack
(16:54 / Allies) ShartStain: i never can bolt
(16:54 / Allies) QueefStain: go
(17:23 / Allies) ShartStain: goign
(17:25 / Allies) TaintStain: kill that
(17:56 / Allies) QueefStain: who need gold
(18:03 / Allies) SpermStain: i got almost 3k
(18:05 / Allies) SpermStain: so not i
(18:10 / Allies) SpermStain: jsut hoard at 80
(18:11 / Allies) SpermStain: for now
(18:19 / Allies) TaintStain: id probably have no gold
(18:22 / Allies) TaintStain: if i cud make chism
(18:28 / All) ShartStain: gg